 Dungeon Crawl Stone Soup version 0.28.0 (webtiles) character file.

Game seed: 10863279470616145232

14067 jimeh the Jinx (level 11, -12/58 HPs)
             Began as a Spriggan Enchanter on Feb 7, 2022.
             Was a Priest of Wu Jian.
             Mangled by a spriggan (20 damage)
             ... on level 1 of the Lair of Beasts.
             The game lasted 01:11:03 (15716 turns).

jimeh the Jinx (Spriggan Enchanter)                Turns: 15716, Time: 01:11:03

Health: -12/58     AC:  5    Str: 10    XL:     11   Next: 83%
Magic:  20/32      EV: 25    Int: 19    God:    Wu Jian [***...]
Gold:   145        SH:  0    Dex: 18    Spells: 13/24 levels left

rFire   + . .      SeeInvis +   j - +1 dagger (flame)
rCold   . . .      Faith    .   (no shield)
rNeg    . . .      Spirit   .   J - +2 robe {rF+}
rPois   .          Reflect  .   x - +0 hat
rElec   .          Harm     .   O - +0 cloak
rCorr   .          Rampage  .   (gloves unavailable)
Will    +....                   (boots unavailable)
Stlth   ++++......              D - amulet of regeneration
HPRegen 0.19/turn               I - ring of magical power
MPRegen 0.23/turn               y - +6 ring of strength

@: very quick
A: very small, no large weapons, unfitting armour, see invisible, speed 3
a: Renounce Religion, Wall Jump, Serpent's Lash


You were on level 1 of the Lair of Beasts.
You worshipped Wu Jian.
Wu Jian was most pleased with you.
You visited 3 branches of the dungeon, and saw 13 of its levels.
You also visited: Bailey.

You collected 692 gold pieces.
You spent 547 gold pieces at shops.

Inventory:

Hand Weapons
 a - a +1 dagger of protection
 j - a +1 dagger of flaming (weapon)
 m - a +0 dagger of freezing
 N - the +9 staff of Olgreb {rPois∞}
   (You found it on level 11 of the Dungeon)

   If the wielder is skilled in Evocations, they can envenom those struck by it,
   dealing poison damage which bypasses armour.
   It enhances your poison magic.
   It grants immunity to poison.
   It can be activated via the 'a'bility menu to radiate toxic energy, with
   effectiveness depending on Evocations skill.
Missiles
 i - 8 curare-tipped darts
 l - 25 poisoned darts
Armour
 n - a +0 buckler
 x - a +0 hat (worn)
 J - a +2 robe of fire resistance (worn)
 O - a +0 cloak (worn)
Jewellery
 e - an amulet of faith
 g - an amulet of reflection
 s - a ring of poison resistance
 y - a +6 ring of strength (right hand)
 D - an amulet of regeneration (around neck)
 E - a ring of flight
 I - a ring of magical power (left hand)
Wands
 c - a wand of iceblast (6)
 H - a wand of flame (9)
Scrolls
 d - a scroll of fear
 o - 7 scrolls of teleportation
 p - 4 scrolls of immolation
 t - a scroll of enchant weapon
 v - 2 scrolls of fog
 A - a scroll of amnesia
 G - 2 scrolls of summoning
 K - 4 scrolls of blinking
 L - a scroll of enchant armour {unknown}
 M - 3 scrolls of magic mapping
 P - a scroll of identify
Potions
 b - a potion of brilliance {unknown}
 f - 9 potions of curing
 h - 2 potions of attraction
 k - 3 potions of resistance
 q - 6 potions of might
 r - 3 potions of heal wounds
 u - 3 potions of lignification
 w - 3 potions of magic {unknown}
 z - a potion of ambrosia {unknown}
 B - 2 potions of haste
 C - a potion of berserk rage {unknown}
 F - a potion of cancellation {unknown}


   Skills:
 - Level 6.5 Fighting
 - Level 10.1 Short Blades
 - Level 11.3 Dodging
 - Level 8.8 Stealth
 + Level 7.4 Spellcasting
 - Level 12.5 Hexes
 - Level 0.1 Ice Magic


You had 13 spell levels left.
You knew the following spells:

 Your Spells              Type           Power      Damage    Failure   Level
a - Ensorcelled Hibernat  Hex/Ice        62%        N/A       1%          2
b - Confusing Touch       Hex            53%        N/A       1%          3
c - Tukima's Dance        Hex            53%        N/A       1%          3
d - Dazzling Flash        Conj/Hex       60%        N/A       2%          3

Your spell library contained the following spells:

 Spells                   Type           Power      Damage    Failure   Level
 Anguish                  Hex/Necr       15%        N/A       8%          4
 Summon Mana Viper        Hex/Summ       30%        N/A       21%         5
 Spider Form              Tmut/Pois      7%         N/A       28%         3
 Enfeeble                 Hex            26%        N/A       43%         7
 Blade Hands              Tmut           3%         N/A       95%         5
 Irradiate                Conj/Tmut      3%         3d14      95%         5
 Summon Forest            Summ/Tloc      3%         N/A       95%         5
 Summon Cactus Giant      Summ           3%         N/A       100%        6
 Dragon Form              Tmut           3%         N/A       100%        7


Dungeon Overview and Level Annotations

Branches:
Dungeon (11/15)            Temple (1/1) D:5            Lair (1/6) D:9
    Orc (0/2) D:9          Bailey (visited)

Altars:
Ashenzari
Cheibriados
Dithmenos
Elyvilon
Fedhas
Gozag
Hepliaklqana
Kikubaaqudgha
Makhleb
Nemelex Xobeh
Okawaru
Qazlal
Ru
Sif Muna
Trog
Uskayaw
Vehumet
Wu Jian
Xom
Yredelemnul
Zin
The Shining One

Shops:
D:5 !   D:7 !   D:8 =   D:10 [[!?

Portals:
Trove: D:11 (show abyssal rune of Zot)

Annotations:
D:9 4 runed translucent doors
D:11 3 runed translucent doors, Fannar; UltimateGoldenPants's ghost, journeyman GrFi


Innate Abilities, Weirdness & Mutations

You are very small and have problems with some larger weapons.
You are too small for most types of armour.
You have supernaturally acute eyesight. (SInv)
You cover ground extremely quickly. (Speed+++)


Message History

The spriggan barely misses you.
Casting: Tukima's Dance (safe; 1% risk of failure)
Confirm with . or Enter, or press ? or * to list all spells.
Aiming: Ensorcelled Hibernation (safe; 1% risk of failure)
Press: ? - help, Shift-Dir - straight line, f/p - spriggan
Aim: a spriggan, wearing a +0 robe (chance to affect: 26%)
The spriggan looks drowsy...
You lunge at the spriggan.
The helpless spriggan fails to defend itself.
You spit the spriggan like a pig!!!! You burn the spriggan!
You kill the spriggan!
The Council accepts your kill. The spriggan closely misses you.
You see here a +0 robe.
Casting: Ensorcelled Hibernation (safe; 1% risk of failure)
Confirm with . or Enter, or press ? or * to list all spells.
Aiming: Tukima's Dance (safe; 1% risk of failure)
Press: ? - help, Shift-Dir - straight line, f - spriggan
Aim: a spriggan, wielding a +2 rapier of electrocution, wearing a +0 robe and wearing a +0 buckler (chance to affect: 38%)
The spriggan resists with some effort.
The spriggan enters a dispersal trap!
You blink.
The spriggan blinks!
You spin and attack the spriggan.
You miss the spriggan. The spriggan barely misses you.
Casting: Tukima's Dance (safe; 1% risk of failure)
Confirm with . or Enter, or press ? or * to list all spells.
Aiming: Tukima's Dance (safe; 1% risk of failure)
Press: ? - help, Shift-Dir - straight line, f/p - spriggan
Aim: a spriggan, wielding a +2 rapier of electrocution, wearing a +0 robe and wearing a +0 buckler (chance to affect: 38%)
The spriggan resists with some effort.
The spriggan hits you with a +2 rapier of electrocution!
Casting: Tukima's Dance (safe; 1% risk of failure)
Confirm with . or Enter, or press ? or * to list all spells.
Aiming: Tukima's Dance (safe; 1% risk of failure)
Press: ? - help, Shift-Dir - straight line, f/p - spriggan
Aim: a spriggan, wielding a +2 rapier of electrocution, wearing a +0 robe and wearing a +0 buckler (chance to affect: 38%)
The spriggan resists with some effort.
The spriggan hits you with a +2 rapier of electrocution!
* * * LOW HITPOINT WARNING * * *
You are electrocuted!!
You die...

##.########### ###..# #.
#....§.§.....# ####..####
#..####...##.###.##...##.
##.## ##..............[..
#..# ##............###.
##.## ##.####P####### ##
##...#####...# ###
##...#.##.##.##
#.#!......i@.#
##.###.##.##P#
##.#.######## ##.## ##.#
###


You could see a spriggan.

Vanquished Creatures
  2 vault guards (Bailey)
  A hydra (D:11)
  A two-headed ogre (D:10)
  Pikel (D:6)
  A cyclops (D:11)
  10 centaur zombies
  3 unseen horrors
  Prince Ribbit (Bailey)
  3 spriggans (Lair:1)
  A shadow (D:11)
  A dancing weapon (Bailey)
  A wyvern (D:9)
  11 yaks
  6 humans (Bailey)
  A wraith (D:9)
  2 steam dragons
  Menkaure (D:7)
  An acid dragon (D:9)
  4 water moccasins
  A black bear (D:5)
  3 ice beasts
  3 ogres
  4 sky beasts
  2 necrophages (D:6)
  3 centaurs
  2 kobold brigands
  10 bullfrogs
  10 killer bees
  A wight (D:9)
  6 howler monkeys
  2 hounds
  4 jellies
  A gnoll shaman (D:5)
  An orc priest (D:7)
  5 orc wizards
  A killer bee zombie (D:9)
  A howler monkey zombie (D:11)
  6 adders
  5 gnolls
  A white imp (D:7)
  2 worms
  2 dart slugs
  28 orcs
  7 bats
  4 endoplasms (D:1)
  2 giant cockroaches
  7 goblins
  9 hobgoblins
  6 jackals (D:1)
  15 kobolds
  6 ball pythons
  3 frilled lizards
  A rat (D:2)
216 creatures vanquished.

Vanquished Creatures (collateral kills)
  An orc warrior (D:8)
  2 kobold brigands
  3 wights (D:9)
  An orc priest (D:8)
  2 orc wizards
  7 orcs
  A goblin (Bailey)
  8 kobolds
25 creatures vanquished.

Vanquished Creatures (others)
  9 dancing weapons
  A fungus (Lair:1)
  A plant (Lair:1)
11 creatures vanquished.

Grand Total: 252 creatures vanquished

Notes
Turn   | Place    | Note
-------+----------+-------------------------------------------
     0 | D:1      | jimeh the Spriggan Enchanter began the quest for the Orb.
     0 | D:1      | Reached XP level 1. HP: 9/9 MP: 5/5
   155 | D:1      | Reached XP level 2. HP: 4/13 MP: 6/6
   367 | D:1      | Reached skill level 4 in Hexes
   717 | D:1      | Learned a level 2 spell: Ensorcelled Hibernation
  1104 | D:1      | Reached skill level 5 in Stealth
  1858 | D:1      | Reached XP level 3. HP: 16/16 MP: 8/8
  2747 | D:2      | Found a faded altar of an unknown god.
  3010 | D:3      | Learned a level 3 spell: Confusing Touch
  3014 | D:3      | Learned a level 3 spell: Tukima's Dance
  3282 | D:3      | Found a shimmering altar of Xom.
  3403 | D:3      | Reached XP level 4. HP: 21/21 MP: 9/9
  3614 | D:4      | You fall into a shaft and drop 1 floor!
  3614 | D:5      | Entered Level 5 of the Dungeon
  3721 | D:5      | Found Huraff's Distillery.
  3726 | D:5      | Bought a potion of might for 44 gold pieces
  3726 | D:5      | Bought a potion of heal wounds for 55 gold pieces
  3726 | D:5      | Bought a potion of curing for 33 gold pieces
  3729 | D:5      | Noticed an ice beast
  3753 | D:5      | Noticed a black bear
  4103 | D:4      | Found a stormy altar of Qazlal.
  4162 | D:4      | Reached XP level 5. HP: 14/24 MP: 0/10
  4321 | D:4      | Noticed an ogre
  4338 | D:4      | Killed an ogre
  4721 | D:4      | Reached skill level 5 in Hexes
  4721 | D:4      | Reached XP level 6. HP: 28/28 MP: 4/11
  5043 | D:5      | Noticed a sky beast
  5078 | D:5      | Killed a sky beast
  5079 | D:5      | Reached skill level 6 in Hexes
  5138 | D:5      | Found a staircase to the Ecumenical Temple.
  5138 | D:5      | Noticed an ice beast
  5142 | D:5      | Killed an ice beast
  5143 | D:5      | Reached skill level 7 in Hexes
  5156 | Temple   | Entered the Ecumenical Temple
  5237 | Temple   | Became a worshipper of the Wu Jian Council
  5292 | D:5      | Reached XP level 7. HP: 29/32 MP: 4/12
  5483 | D:5      | Found a sacrificial altar of Ru.
  5543 | D:5      | Reached skill level 8 in Hexes
  6188 | D:6      | Reached skill level 9 in Hexes
  6360 | D:6      | Reached XP level 8. HP: 33/36 MP: 9/13
  6390 | D:6      | Reached skill level 10 in Hexes
  7729 | D:6      | Noticed Pikel
  7738 | D:6      | Killed Pikel
  7739 | D:6      | Reached skill level 12 in Hexes
  7847 | D:7      | Reached skill level 5 in Dodging
  7847 | D:7      | Reached XP level 9. HP: 14/39 MP: 14/14
  8089 | D:7      | Learned a level 3 spell: Dazzling Flash
  8375 | D:7      | Noticed Menkaure
  8391 | D:7      | Killed Menkaure
  9040 | D:7      | Reached * piety under Wu Jian
  9063 | D:7      | Found Oxtop's Distillery.
  9092 | D:7      | Bought a potion of curing for 33 gold pieces
  9092 | D:7      | Bought 2 potions of curing for 66 gold pieces
  9327 | D:8      | Found a bloodstained altar of Trog.
  9341 | D:8      | Found a glowing golden altar of the Shining One.
  9350 | D:8      | Found a flagged portal.
  9429 | Bailey   | Entered a bailey
  9527 | Bailey   | Reached skill level 10 in Dodging
  9726 | Bailey   | Noticed a vault guard
  9757 | Bailey   | Killed a vault guard
  9758 | Bailey   | Reached XP level 10. HP: 33/44 MP: 2/20
  9762 | Bailey   | Noticed Prince Ribbit
  9766 | Bailey   | Killed Prince Ribbit
  9845 | Bailey   | Reached skill level 1 in Fighting
  9878 | Bailey   | Noticed a vault guard
 10171 | Bailey   | Killed a vault guard
 10605 | D:8      | Found Aptuc's Jewellery Shop.
 10694 | D:8      | Reached skill level 5 in Fighting
 10755 | D:8      | Reached ** piety under Wu Jian
 10805 | D:8      | Found a broken altar of Ashenzari.
 11280 | D:9      | Found a staircase to the Lair.
 11433 | D:9      | Identified the +2 war axe "Ohon" {vorpal, rElec}
 11565 | D:9      | Found a runed translucent door.
 11632 | D:9      | Found a runed translucent door.
 11703 | D:9      | Found a runed translucent door.
 11824 | D:9      | Found a runed translucent door.
 11916 | D:9      | Found a staircase to the Orcish Mines.
 12810 | D:10     | Entered Level 10 of the Dungeon
 12831 | D:10     | Reached XP level 11. HP: 58/58 MP: 21/21
 13020 | D:10     | Reached skill level 5 in Short Blades
 13145 | D:10     | Found Jyotusso's Armour Boutique.
 13579 | D:10     | Found Zuumyuku's Distillery.
 13587 | D:10     | Bought a potion of heal wounds for 55 gold pieces
 13587 | D:10     | Bought a potion of lignification for 33 gold pieces
 13587 | D:10     | Bought a potion of curing for 33 gold pieces
 13587 | D:10     | Bought a potion of heal wounds for 55 gold pieces
 13734 | D:10     | Found a hazy altar of Hepliaklqana.
 13738 | D:10     | Found an ancient bone altar of Kikubaaqudgha.
 13738 | D:10     | Found a shimmering blue altar of Sif Muna.
 13738 | D:10     | Found a radiant altar of Vehumet.
 13744 | D:10     | Found a snail-covered altar of Cheibriados.
 13744 | D:10     | Found a blossoming altar of Fedhas.
 13760 | D:10     | Noticed a two-headed ogre
 13776 | D:10     | Killed a two-headed ogre
 13883 | D:10     | Reached *** piety under Wu Jian
 13908 | D:10     | Found Pomofri's Armour Shoppe.
 14259 | D:10     | Found Janaebefi's Magic Scroll Shop.
 14287 | D:10     | Bought a scroll of magic mapping for 49 gold pieces
 14287 | D:10     | Bought a scroll of magic mapping for 49 gold pieces
 14287 | D:10     | Bought a scroll of teleportation for 42 gold pieces
 14413 | D:11     | Noticed a six-headed hydra
 14414 | D:11     | Killed a six-headed hydra
 14603 | D:11     | Found the +9 staff of Olgreb {rPois∞}
 14606 | D:11     | Found a runed translucent gate.
 14623 | D:11     | Found a runed translucent gate.
 14623 | D:11     | Found a runed translucent gate.
 14634 | D:11     | Found a portal to a secret trove of treasure.
 15020 | D:11     | Noticed UltimateGoldenPants's ghost (journeyman GrFi)
 15073 | D:11     | Reached skill level 10 in Short Blades
 15086 | D:11     | Noticed Fannar
 15264 | Lair:1   | Entered Level 1 of the Lair of Beasts
 15716 | Lair:1   | Mangled by a spriggan

Illustrated notes

Levels and vault maps discovered:
D:1:      onia_arrival_mini_maze_b, layout_basic, minivault_27,
          serial_bayou_pond_e
D:2:      layout_loops_ring, shapermc_ecumenical_altar_venn
D:3:      layout_loops_corners, mainiacjoe_overflow_alcove_4
D:4:      layout_rooms, grunt_qazlal_clouds
D:5:      layout_loops_ring, mainiacjoe_overflow_catwalk,
          minmay_temple_entry_overgrown, serial_shops, kennysheep_little_box,
          nrook_loot_triangle
D:6:      layout_rooms, st_stairs_12, uniq_pikel
D:7:      layout_cave_pods, serial_column_ruins, column_ruins_square_medium,
          column_ruins_grid_3, column_ruins_open_small,
          column_ruins_open_small_water, column_ruins_grid_4, serial_shops,
          shop, minmay_misc_feat_enclosed, columned_hall_lemuel, uniq_menkaure
D:8:      layout_rooms, cheibrodos_ashenzari_chains, lemuel_crystal_altar,
          trog_three_pillars_becter, enter_bailey_7, serial_shops,
          nicolae_square_shop, nicolae_ossuary_entry_monument
D:9:      nicolae_cairo_tiling_large, layout_cave_pods, lair_entry_dummy,
          orc_0_dummy, chequers_serial_rivers_large_b, minmay_misc_feat_doors,
          st_stairs_3, minmay_statue_crystal_thing
D:10:     layout_layer_cave, minmay_overflow_temple_hex, serial_shops,
          nicolae_shop_statue_plus, nicolae_lakefront_shop, kennysheep_mini,
          shop
D:11:     layout_roguey, ebering_ghost_rock_garden,
          nicolae_trove_entry_diagonal, uniq_fannar
Temple:   compressed_dpeg_circular_temple
Lair:1:   kb_forest_paths, layout_loops_ring, nicolae_lair_run_with_the_wolves

Skill      XL: |  1  2  3  4  5  6  7  8  9 10 11 |
---------------+----------------------------------+-----
Hexes          | 4 5 7 9 12 | 12.5
Stealth        | 5 6 7 8 |  8.8
Spellcasting   | 3 6 7 |  7.4
Dodging        | 5 11 | 11.3
Fighting       | 6 |  6.5
Short Blades   | 2 10 | 10.1
Ice Magic      | |  0.1

Action                   |  1- 3 |  4- 6 |  7- 9 | 10-12 || total
-------------------------+-------+-------+-------+-------++-------
Melee: Dagger            |   138 |    42 |   186 |   262 ||   628
       Punch             |       |       |     1 |     9 ||    10
 Cast: Ensorcelled Hiber |    28 |    31 |    83 |    73 ||   215
       Tukima's Dance    |       |     3 |     7 |    49 ||    59
       Confusing Touch   |       |       |     9 |    16 ||    25
       Dazzling Flash    |       |       |     1 |       ||     1
Invok: Lunge             |       |     1 |    24 |    33 ||    58
       Whirlwind         |       |       |     1 |    17 ||    18
 Abil: Wall Jump         |       |       |       |     1 ||     1
Evoke: Wand              |       |       |     6 |       ||     6
  Use: Scroll            |       |     2 |     7 |     4 ||    13
       Potion            |       |       |     3 |     1 ||     4
 Stab: Sleeping          |    28 |    22 |    53 |    52 ||   155
       Distracted        |     1 |       |     1 |       ||     2
       Confused          |       |       |     8 |    16 ||    24
       Invisible         |       |       |     1 |     5 ||     6
Armor: Robe              |    15 |     5 |    12 |    13 ||    45
Dodge: Dodged            |   124 |    21 |   118 |   239 ||   502
Block: Other             |    10 |     6 |    32 |       ||    48
       Reflection        |       |       |     1 |       ||     1
